 Dungeon Crawl Stone Soup version 0.21.1-1-g345015f (webtiles) character file.

519 inc the Charmwright (level 7, -17/47 HPs)
             Began as an Octopode Ice Elementalist on June 13, 2018.
             Was an Initiate of Cheibriados.
             Demolished by an ogre
             ... wielding a +0 giant spiked club
              (26 damage)
             ... on level 5 of the Dungeon.
             The game lasted 00:08:13 (5124 turns).

inc the Charmwright (Octopode Ice Elementalist)     Turns: 5124, Time: 00:08:13

Health: -17/47     AC:  7    Str: 11    XL:     7   Next: 21%
Magic:  1/10       EV: 13    Int: 21    God:    Cheibriados [......]
Gold:   267        SH:  0    Dex: 13    Spells: 6/10 levels left

rFire    . . .     SeeInvis .     - Unarmed
rCold    + . .     Gourm    .   (no shield)
rNeg     . . .     Faith    .   (helmet restricted)
rPois    .         Spirit   .   (no amulet)
rElec    .         Reflect  .   t - ring of protection from cold
rCorr    .         Harm     .   u - +3 ring of strength
MR       .....                  (no ring)
Stlth    +++.......             (no ring)
HPRegen  0.15/turn              (no ring)
MPRegen  0.12/turn              (no ring)
                                (no ring)
                                (no ring)

@: icy armour, very slow
A: almost no armour, stealthy swim, amphibious, 8 rings, constrict 8, camouflage
1, gelatinous body 1
a: Bend Time, Renounce Religion


You were on level 5 of the Dungeon.
You worshipped Cheibriados.
Cheibriados was noncommittal.
You were very hungry.

You visited 2 branches of the dungeon, and saw 7 of its levels.

You collected 267 gold pieces.

Inventory:

Jewellery
 t - a ring of protection from cold (left tentacle)
 u - a +3 ring of strength (right tentacle)
Scrolls
 d - a scroll of noise {unknown}
 e - 5 scrolls of remove curse {unknown}
 g - 3 scrolls of identify
 i - a scroll of enchant weapon {unknown}
 l - a scroll of immolation {unknown}
 o - 2 scrolls of magic mapping {unknown}
 p - 2 scrolls of amnesia {unknown}
 q - a scroll of random uselessness {unknown}
Potions
 c - a potion of cancellation
 f - a potion of curing
 h - 3 potions of flight
 j - a potion of magic
 k - a potion of haste
 n - a potion of degeneration
 r - a potion of ambrosia
 s - a potion of lignification
 v - a potion of brilliance {unknown}
Books
 a - a book of Frost

   Spells                             Type                      Level
   a - Freeze                         Ice                          1
   b - Throw Frost                    Conjuration/Ice              2
   c - Ozocubu's Armour               Charms/Ice                   3
   d - Throw Icicle                   Conjuration/Ice              4
   e - Summon Ice Beast               Ice/Summoning                4
 m - a book of Minor Magic

   Spells                             Type                      Level
   a - Magic Dart                     Conjuration                  1
   b - Blink                          Translocation                2
   c - Call Imp                       Summoning                    2
   d - Slow                           Hexes                        2
   e - Conjure Flame                  Conjuration/Fire             3
   f - Mephitic Cloud                 Conjuration/Poison/Air       3
Comestibles
 b - 5 rations


   Skills:
 + Level 3.8 Fighting
 + Level 2.0 Dodging
 - Level 2.6 Stealth
 - Level 3.8 Unarmed Combat
 - Level 2.0 Spellcasting
   Level 1.0 Conjurations
 - Level 4.4 Charms
 - Level 3.0 Ice Magic


You had 6 spell levels left.
You knew the following spells:

 Your Spells              Type           Power        Failure   Level  Hunger
a - Freeze                Ice            ##..         4%          1    #......
b - Ozocubu's Armour      Chrm/Ice       ###.....     10%         3    ###....


Dungeon Overview and Level Annotations

Branches:
Dungeon (6/15)             Temple (1/1) D:5

Altars:
Ashenzari
Cheibriados
Dithmenos
Elyvilon
Fedhas
Gozag
Hepliaklqana
Kikubaaqudgha
Makhleb
Nemelex Xobeh
Okawaru
Ru
Sif Muna
Trog
Uskayaw
Vehumet
Wu Jian
Xom
Yredelemnul
Zin
The Shining One

Annotations:
D:3 inc's ghost, amateur OpIE
D:4 inc's ghost, amateur OpIE


Innate Abilities, Weirdness & Mutations

You cannot wear most types of armour.
You are very stealthy in the water. (Stealth+)
You are amphibious.
You can wear up to eight rings at the same time.
You can use your tentacles to constrict eight enemies at once.
Your skin changes colour to match your surroundings (Stealth+).
Your rubbery body absorbs attacks. (AC +1, EV +1)


Message History

Aim: an ogre, wielding a giant spiked club (severely wounded)
You freeze the ogre.
The ogre is severely wounded.
The ogre misses you.
Casting: Freeze
Confirm with . or Enter, or press ? or * to list all spells.
Aiming: Freeze
Press: ? - help, Shift-Dir - straight line, f/p - ogre
Aim: an ogre, wielding a giant spiked club (severely wounded)
You freeze the ogre.
The ogre is almost dead.
The ogre barely misses you.
You barely miss the ogre.
The ogre is almost dead.
Unknown command.
You tentacle-slap the ogre but do no damage.
The ogre is almost dead.
The ogre hits you with a giant spiked club!!
Ouch! That really hurt!
You die...

...###.......##..................
...##.......###.####.###.#.......
..###.......# #.####.#.....<.....
..###.......###.##.....#.##......
..........[##........###.##......
...#....>...#.#......##..##......
...#............##.#.##.#########
...............<....[[..#####
................@.###..((..(#####
.#.............O....#..####......
.................##.#..####......
...#..#.###......................
...##...###......##.#.#.###......
.##.............###...#.########.
###.##........#.# #..##.##.....##
#.###.......#.# #.)####.#######
##.# #.......#.# #..####'#####.#


You could see an ogre.

Vanquished Creatures
  A big kobold (D:5)
  2 crimson imps (D:5)
  A bullfrog zombie (D:5)
  Natasha (thrice) (D:2)
  2 orc wizards
  A worker ant (D:5)
  A hound zombie (D:3)
  5 adders
  An ooze (D:2)
  3 worms
  3 dart slugs
  A leopard gecko (D:5)
  20 orcs
  A ball python (D:3)
  3 giant cockroaches
  11 hobgoblins
  6 jackals (D:4)
  12 kobolds
  A quokka (D:4)
  6 bats
  5 frilled lizards
  7 goblins
  A leopard gecko skeleton (D:5)
  8 rats
105 creatures vanquished.

Notes
Turn   | Place    | Note
-------+----------+-------------------------------------------
     0 | D:1      | inc the Octopode Ice Elementalist began the quest for the Orb.
     0 | D:1      | Reached XP level 1. HP: 11/11 MP: 3/3
   204 | D:1      | Reached skill level 1 in Fighting
   204 | D:1      | Reached skill level 1 in Unarmed Combat
   204 | D:1      | Reached XP level 2. HP: 11/18 MP: 5/5
   889 | D:2      | Reached XP level 3. HP: 20/23 MP: 6/6
  1028 | D:2      | Learned a level 3 spell: Ozocubu's Armour
  1308 | D:2      | Reached XP level 4. HP: 29/29 MP: 5/7
  1544 | D:2      | Noticed Natasha
  1566 | D:2      | Killed Natasha
  1935 | D:2      | Noticed Natasha
  1944 | D:2      | Killed Natasha
  1944 | D:2      | Reached XP level 5. HP: 19/36 MP: 4/8
  2776 | D:3      | Noticed inc's ghost (amateur OpIE)
  3128 | D:2      | Noticed Natasha
  3132 | D:2      | Killed Natasha
  3318 | D:3      | Reached XP level 6. HP: 43/43 MP: 9/9
  3349 | D:4      | Noticed inc's ghost (amateur OpIE)
  3416 | D:4      | Reached skill level 1 in Charms
  4034 | D:4      | Reached skill level 2 in Charms
  4182 | D:5      | Entered Level 5 of the Dungeon
  4365 | D:5      | Reached skill level 3 in Charms
  4602 | D:5      | Reached XP level 7. HP: 38/47 MP: 10/10
  4645 | D:5      | Reached skill level 4 in Charms
  4744 | D:5      | Found a bloodstained altar of Trog.
  4899 | D:5      | Found a staircase to the Ecumenical Temple.
  4911 | Temple   | Entered the Ecumenical Temple
  4971 | Temple   | Became a worshipper of Cheibriados the Contemplative
  5124 | D:5      | Demolished by an ogre

Skill      XL: |  1  2  3  4  5  6  7 |
---------------+----------------------+-----
Fighting       | 1 2 3 |  3.8
Unarmed Combat | 1 2 3 |  3.8
Charms         | 3 4 |  4.4
Dodging        | |  2.0
Stealth        | |  2.6
Spellcasting   | |  2.0
Conjurations   | |  1.0
Ice Magic      | |  3.0

Action                   |  1- 3 |  4- 6 |  7- 9 || total
-------------------------+-------+-------+-------++-------
Melee: Unarmed           |    94 |   238 |    27 ||   359
       Constrict         |    25 |    56 |     8 ||    89
       Tentacles         |    14 |    32 |     4 ||    50
       Punch             |       |     4 |       ||     4
 Cast: Ozocubu's Armour  |     1 |    12 |     1 ||    14
       Freeze            |       |     4 |    12 ||    16
  Use: Scroll            |       |     6 |       ||     6
       Potion            |       |     3 |       ||     3
 Stab: Sleeping          |     9 |     5 |       ||    14
       Distracted        |       |       |     1 ||     1
  Eat: Chunk             |     1 |     8 |     2 ||    11
       Ration            |       |     1 |       ||     1
Armor: Skin              |     7 |    41 |     4 ||    52
Dodge: Dodged            |    62 |   152 |    20 ||   234
